 Dungeon Crawl Stone Soup version 0.31-a0-699-g830162fb6c (webtiles) character file.

Game seed: 12464708287399765656

35 qw the Shooter (level 3, -4/22 HPs)
             Began as a Gargoyle Hunter on Sept 7, 2023.
             Frozen to death by an endoplasm (5 damage)
             ... on level 2 of the Dungeon.
             The game lasted 00:00:21 (607 turns).

qw the Shooter (Gargoyle Hunter)                     Turns: 607, Time: 00:00:21

Health: -4/22      AC:  6    Str: 14    XL:     3   Next: 35%
Magic:  3/3        EV: 11    Int:  9    God:
Gold:   19         SH:  0    Dex: 15    Spells: 2/2 levels left

rFire   . . .        Y - +1 shortbow
rCold   . . .        (shield currently unavailable)
rNeg    + . .        c - +0 leather armour
rPois   inf          (no helmet)
rElec   +            (no cloak)
rCorr   .            (no gloves)
SInv    .            (no boots)
Will    .....        (no amulet)
Stlth   ++           (no ring)
HPRegen 0.23/turn    (no ring)
MPRegen 0.08/turn

%: no passive effects
@: no status effects
A: sickness immunity, AC +3, negative energy resistance 1, electricity
resistance, torment resistance 1, petrification resistance
a: no special abilities


You were on level 2 of the Dungeon.
You visited 1 branch of the dungeon, and saw 2 of its levels.

You collected 19 gold pieces.


Innate Abilities, Weirdness & Mutations

You are immune to sickness and miasma.
Your stone body is resilient. (AC +3)
You are immune to poison.
You resist negative energy. (rN+)
You are resistant to electric shocks. (rElec)
You are resistant to unholy torment.
You are immune to petrification.


   Skills:
 + Level 2.4 Fighting
 - Level 5.0 Ranged Weapons
 - Level 1.5 Dodging
 - Level 1.1 Stealth


You had 2 spell levels left.
You didn't know any spells.
Your spell library was empty.

Inventory:

Hand Weapons
 Y - a +1 shortbow (weapon)
Armour
 c - a +0 leather armour (worn)
Potions
 a - a potion of degeneration {unknown}
 d - 2 potions of heal wounds
 h - a potion of might {unknown}

Dungeon Overview and Level Annotations

Branches:
Dungeon (2/15)

Altars:

Shops:
D:1 *   D:2 (

Annotations:
D:2 Robin


Message History

You shoot an arrow. The arrow closely misses the hobgoblin.
The goblin shouts!
The hobgoblin closely misses you.
The endoplasm hits you but does no damage.
The hobgoblin hits you but does no damage.
Robin roars a battlecry!
The goblins go into a battle-frenzy!
You hear a shout!
You shoot an arrow. The arrow closely misses the hobgoblin.
The hobgoblin hits you but does no damage.
The endoplasm barely misses you.
You shoot an arrow. The arrow hits the hobgoblin.
You kill the hobgoblin!
The hobgoblin hits you but does no damage.
The endoplasm barely misses you.
You shoot an arrow. The arrow hits Robin.
Robin is lightly wounded.
The goblin misses you.
A goblin comes into view. It is wielding a +0 club.
The hobgoblin hits you but does no damage.
The endoplasm closely misses you. Robin throws the goblin at you!
You shoot an arrow. The arrow hits Robin.
Robin is lightly wounded.
The goblin hits you but does no damage.
Robin roars a battlecry!
The goblin goes into a battle-frenzy!
A hobgoblin comes into view.
The endoplasm freezes you.
You are frozen.
The goblin unwields a +0 club.
The goblin wields a +0 sling.
The goblin shoots a sling bullet.
The sling bullet hits you. The hobgoblin hits you. The endoplasm freezes you.
You are frozen.
The goblin hits you with a +0 club. Robin throws the goblin at you!
You shoot an arrow. The arrow hits Robin!
Robin is almost dead.
The hobgoblin hits you. The endoplasm freezes you.
You are frozen.
You die...

#..#. . .... }. .#.#.
.\. .g.# }.}. #g.##
#>)##...# . #.)g...# #.
#g@g.# ##.###### ##gJ.#
#...)...######.#######
#>......#............#
#.......#.<.:........#
##....................#
.......<.#...##.......#
#........#...#..#######
#..............##


You could see Robin, an endoplasm, 2 hobgoblins and 3 goblins.

Vanquished Creatures
  A dart slug (D:1)
  4 ball pythons
  A bat (D:1)
  5 goblins
  6 hobgoblins
  4 jackals (D:1)
  3 kobolds
  A frilled lizard (D:1)
  2 rats (D:1)
27 creatures vanquished.

Notes
Turn   | Place    | Note
-------+----------+-------------------------------------------
     0 | D:1      | qw the Gargoyle Hunter began the quest for the Orb.
     0 | D:1      | Reached XP level 1. HP: 12/12 MP: 1/1
     0 | D:1      | 0 ||| qw: Version: 0.3-a-76-g4403597
     0 | D:1      | 0 ||| qw: Game counter: 404
     0 | D:1      | 0 ||| qw: Melee chars always use a shield: true
     0 | D:1      | 0 ||| qw: God list: Okawaru
     0 | D:1      | 0 ||| qw: Allow faded altars: false
     0 | D:1      | 0 ||| qw: Do Orc after clearing Dungeon:15 true
     0 | D:1      | 0 ||| qw: Do second Lair branch before Depths: true
     0 | D:1      | 0 ||| qw: Lair rune preference: random
     0 | D:1      | 0 ||| qw: Goals: Normal
     0 | D:1      | 0 ||| PLANNING D:1-11
    94 | D:1      | Reached XP level 2. HP: 17/17 MP: 2/2
   449 | D:1      | Reached XP level 3. HP: 21/21 MP: 3/3
   512 | D:1      | Found Suuneorr's General Store.
   519 | D:1      | 519 ||| SHOPLISTING +1 helmet of intelligence (214 gold,
                  | have 19).
   519 | D:1      | 519 ||| SHOPLISTING scroll of identify (26 gold, have 19).
   530 | D:1      | Reached skill level 5 in Ranged Weapons
   553 | D:1      | 553 ||| READING scroll labelled YHAERO PIYF.
   554 | D:1      | 554 ||| READING scroll labelled QANIAN BEITU.
   555 | D:1      | 555 ||| READING scroll labelled HEEFUU VUNYUMP.
   558 | D:1      | 558 ||| READING scroll labelled CAYROA ZUIRO.
   559 | D:1      | 559 ||| DRINKING 3 pink potions.
   560 | D:1      | 560 ||| DROPPING scroll of butterflies.
   590 | D:2      | Found Duacer's Weapon Boutique.
   601 | D:2      | Noticed Robin
   607 | D:2      | HP: 1/22 [hobgoblin[Robin] (5)]
   607 | D:2      | Frozen to death by an endoplasm

Levels and vault maps discovered:
D:1:      ncdulo_smallfort, layout_loops_ring, serial_shops,
          nicolae_shop_tiny_statue_garden
D:2:      layout_rooms, serial_shops, shop_fountains, serial_co_window_serial,
          co_window_paths_a, co_window_corner_a, co_window_of_opportunity_a,
          co_window_paths_a, co_window_corner_a, co_window_paths_a,
          co_window_corner_a, co_window_unsneaky_path_e,
          co_window_unsneaky_path_d, co_window_broadway_b,
          co_window_of_opportunity_b, co_window_unsneaky_path_e,
          co_window_2corner, glass_columns_a, glass_columns_b, glass_columns_b,
          glass_columns_c, uniq_crazy_yiuf_cottage, uniq_robin

Skill      XL: |  1  2  3 |
---------------+----------+-----
Ranged Weapons | 5 |  5.0
Fighting       | |  2.4
Dodging        | |  1.5
Stealth        | |  1.1

Action                     || total
---------------------------++-------
   Fire: Shortbow          ||    86
    Use: Scroll            ||     4
         Potion            ||     1
 Armour: Leather armour    ||    33
  Dodge: Dodged            ||    19

Table legend:
 A = Non-vault XP
 B = Vault XP
 C = Vault XP percentage of total XP
 D = Non-vault monster count
 E = Vault monster count
 F = Vault count percentage of total count
                 A         B        C        D         E       F
            +---------+---------+-------+---------+---------+-------
      Total |      45 |       6 |  11.8 |      24 |       3 |  11.1
            +---------+---------+-------+---------+---------+-------
        D:1 |      40 |       0 |   0.0 |      21 |       0 |   0.0
        D:2 |       5 |       6 |  54.5 |       3 |       3 |  50.0
            +---------+---------+-------+---------+---------+-------
